 Dungeon Crawl Stone Soup version 0.16-a0-4013-gd591273 (webtiles) character file.

3048 dysrexia the Grappler (level 9, -7/73 (74) HPs)
             Began as a Ghoul Monk on Feb 17, 2015.
             Was an Initiate of Ru.
             Mangled by an orc warrior
             ... wielding a +3 trident
              (18 damage)
             ... on level 8 of the Dungeon.
             The game lasted 00:28:09 (5325 turns).

dysrexia the Grappler (Ghoul Monk)                  Turns: 5325, Time: 00:28:09

HP:   -7/73 (74)    AC: 15    Str: 17    XL:     9   Next: 87%
MP:   7/7           EV:  6    Int:  5    God:    Ru [......]
Gold: 244           SH:  0    Dex: 12    Spells: 0 memorised, 8 levels left

rFire  . . .     SeeInvis .       - Unarmed
rCold  + . .     Clarity  .     c - +0 plate armour
rNeg   + + +     SustAb   .     (no shield)
rPois  ∞         Gourm    .     (no helmet)
rElec  .         Spirit   .     y - +2 cloak {MR+}
rCorr  .         Warding  .     (no gloves)
rMut   .         Stasis   .     (no boots)
MR     +....                    (no amulet)
Stlth  ..........               (no ring)
                                p - ring of wizardry

@: rotting, somewhat resistant to hostile enchantments, extremely unstealthy
A: rotting body, claws 1, carnivore 3, cold resistance 1, negative energy
resistance 3, poison resistance, slow healing 1, torment resistance,
unbreathing, no stealth
a: Sacrifice Artifice, Sacrifice Words, Sacrifice Essence, Reject Sacrifices,
Renounce Religion


You were on level 8 of the Dungeon.
You worshipped Ru.
Ru was noncommittal.
You were not hungry.

You visited 2 branches of the dungeon, and saw 9 of its levels.
You also visited: Sewer.

You collected 262 gold pieces.
You spent 18 gold pieces at shops.

Inventory:

Missiles
 f - 38 stones (quivered)
 q - 11 poisoned needles
Armour
 a - a +0 robe
 c - a +0 plate armour (worn)
 n - a +0 pair of gloves
 y - a +2 cloak of magic resistance (worn)
Jewellery
 p - a ring of wizardry (left claw)
Magical devices
 l - a wand of magic darts (10)
 v - a wand of confusion (48)
 B - a wand of digging (12)
Scrolls
 b - 2 scrolls of remove curse
 x - 3 scrolls of enchant armour
 A - a scroll of blinking
 D - 3 scrolls of enchant weapon {unknown}
 E - a scroll of identify
Potions
 d - a potion of restore abilities {unknown}
 e - 3 potions of brilliance
 g - a potion of mutation {unknown}
 h - a potion of degeneration {unknown}
 i - 6 potions of flight
 j - 6 potions of agility
 k - 7 potions of heal wounds
 m - 2 potions of curing
 o - 3 potions of berserk rage {unknown}
 r - 2 potions of might
 s - a potion of ambrosia {unknown}
 z - a potion of invisibility {unknown}
Comestibles
 t - 2 slices of pizza
 u - a beef jerky
 w - a meat ration
 C - a chunk of flesh


   Skills:
 - Level 5.6 Fighting
 - Level 4.4 Armour
 - Level 3.5 Dodging
 + Level 12.7 Unarmed Combat


You had 8 spell levels left.
You didn't know any spells.

Dungeon Overview and Level Annotations

Branches:
Dungeon (8/15)             Temple (1/1) D:6            Lair (0/8) D:8

Altars:
Ashenzari
Cheibriados
Dithmenos
Elyvilon
Fedhas
Gozag
Kikubaaqudgha
Makhleb
Nemelex Xobeh
Okawaru
Qazlal
Ru
Sif Muna
Trog
Vehumet
Xom
Yredelemnul
Zin
The Shining One

Shops:
D:7 %

Annotations:
D:2 Sigmund
D:4 Prince Ribbit


Innate Abilities, Weirdness & Mutations

Your body is rotting away.
You thrive on raw meat.
You have sharp fingernails.
You are carnivorous and can eat meat at any time.
Your flesh is cold resistant.
You are immune to negative energy.
Your system is resistant to poisons.
You heal slowly when monsters are visible.
You are immune to unholy pain and torment.
You can survive without breathing.
You cannot be stealthy.


Message History

The orc warrior hits you with an enchanted trident!
* * * LOW HITPOINT WARNING * * *
You scratch the orc warrior.
The orc warrior is heavily wounded.
The orc warrior hits you with an enchanted trident.
* * * LOW HITPOINT WARNING * * *
You closely miss the orc warrior.
The orc warrior is severely wounded.
Drink which item? (? for menu, Esc to quit)
You feel much better.
The orc warrior hits you but does no damage.
Your plate armour prevents you from hitting the orc warrior.
The orc warrior is severely wounded.
You feel your flesh rotting away.
The orc warrior hits you with an enchanted trident!
* * * LOW HITPOINT WARNING * * *
You scratch the orc warrior but do no damage.
The orc warrior is severely wounded.
The orc warrior hits you with an enchanted trident!!
You die...

#.## #.##.#### #..
##.###.# #.# ### ##.#.#
#.# ## # ##.# #.# .. #
####.## #.# .### #
...)).####.######...####
#
##.#....................
# ##.#.###########...#
.. ##............@o.#
### ###############.# #


You could see an orc warrior (bleeding).

Vanquished Creatures
  An orc warrior (D:8)
  An ice beast (D:7)
  3 necrophages
  A black bear (D:6)
  2 phantoms
  2 sky beasts (D:7)
  5 ogres
  3 big kobolds (Sewer)
  A gnoll sergeant (D:8)
  A wyvern zombie (D:8)
  2 giant frogs
  2 scorpions
  2 wights (D:7)
  4 crimson imps
  2 goliath beetles
  A quasit (D:6)
  A centaur zombie (D:5)
  2 orc priests
  3 hounds
  2 centaur skeletons
  A giant frog skeleton (D:5)
  3 giant frog zombies
  3 orc wizards
  2 iguanas (D:7)
  2 killer bee zombies
  2 worker ants
  Ijyb (D:7)
  A hound zombie (D:6)
  12 gnolls
  6 adders
  2 shadow imps
  2 giant mites
  3 giant geckos
  An ooze (D:4)
  18 orcs
  14 bats
  A bat zombie (D:5)
  3 giant cockroaches
  7 goblins
  14 hobgoblins
  27 kobolds
  4 quokkas
  6 ball pythons
  3 giant newts
  7 rats
186 creatures vanquished.

Notes
Turn   | Place    | Note
--------------------------------------------------------------
     0 | D:1      | dysrexia, the Ghoul Monk, began the quest for the Orb.
     0 | D:1      | Reached XP level 1. HP: 19/19 MP: 1/1
   118 | D:1      | Reached XP level 2. HP: 21/26 MP: 2/2
   323 | D:1      | Reached skill level 5 in Unarmed Combat
   348 | D:1      | Reached XP level 3. HP: 29/31 MP: 3/3
   525 | D:2      | Noticed Sigmund
   577 | D:3      | Reached XP level 4. HP: 27/40 MP: 3/3
   623 | D:3      | Found a bloodstained altar of Trog.
   683 | D:3      | Found a shadowy altar of Dithmenos.
   730 | D:3      | Found a glowing drain.
   746 | Sewer    | Entered a sewer
   996 | Sewer    | Reached skill level 1 in Armour
  1007 | Sewer    | Noticed a big kobold
  1007 | Sewer    | Noticed a big kobold
  1007 | Sewer    | Noticed a big kobold
  1028 | Sewer    | Killed a big kobold
  1028 | Sewer    | Reached XP level 5. HP: 14/47 MP: 4/4
  1036 | Sewer    | Killed a big kobold
  1036 | Sewer    | Reached skill level 6 in Unarmed Combat
  1036 | Sewer    | Reached XP level 6. HP: 11/53 MP: 5/5
  1038 | Sewer    | Killed a big kobold
  1151 | D:3      | Found a radiant altar of Vehumet.
  1360 | D:3      | Found a blossoming altar of Fedhas.
  1377 | D:3      | Noticed a phantom
  1395 | D:3      | Killed a phantom
  1395 | D:3      | Reached skill level 5 in Fighting
  1585 | D:4      | Reached XP level 7. HP: 52/61 MP: 5/5
  1637 | D:4      | Found a glowing golden altar of the Shining One.
  2358 | D:5      | Entered Level 5 of the Dungeon
  2368 | D:5      | Reached skill level 7 in Unarmed Combat
  2374 | D:5      | Found a glowing silver altar of Zin.
  2482 | D:5      | Found a snail-covered altar of Cheibriados.
  2515 | D:5      | Reached XP level 8. HP: 69/69 MP: 6/6
  2676 | D:5      | Noticed Prince Ribbit
  2981 | D:6      | Found a burning altar of Makhleb.
  3128 | D:6      | Reached skill level 8 in Unarmed Combat
  3188 | D:6      | Found a staircase to the Ecumenical Temple.
  3211 | Temple   | Entered the Ecumenical Temple
  3219 | Temple   | Became a worshipper of Ru the Awakened
  3226 | D:6      | Gained mutation: You cannot be stealthy. [Ru sacrifice]
  3609 | D:6      | Reached skill level 9 in Unarmed Combat
  3810 | D:7      | Reached skill level 10 in Unarmed Combat
  3831 | D:7      | Reached XP level 9. HP: 69/74 MP: 7/7
  3894 | D:7      | Noticed Ijyb
  3905 | D:7      | Killed Ijyb
  4123 | D:7      | Found a basalt altar of Yredelemnul.
  4216 | D:7      | Reached skill level 11 in Unarmed Combat
  4320 | D:7      | Found Sonam's Food Shoppe.
  4329 | D:7      | Bought a beef jerky for 18 gold pieces
  4728 | D:8      | Found a sparkling altar of Nemelex Xobeh.
  4757 | D:8      | Reached skill level 12 in Unarmed Combat
  4781 | D:8      | Found a staircase to the Lair.
  5325 | D:8      | Mangled by an orc warrior

Action                   |  1- 3 |  4- 6 |  7- 9 || total
-------------------------+-------+-------+-------++-------
Melee: Unarmed           |    78 |   175 |   533 ||   786
Invok: Sacrifice Stealth |       |       |     1 ||     1
  Use: Scroll            |     2 |       |    12 ||    14
       Potion            |       |     2 |     1 ||     3
  Eat: Chunk             |     9 |    17 |    52 ||    78
       Beef jerky        |       |       |     1 ||     1
